 Dungeon Crawl Stone Soup version 0.27.1-1-g398f81649c (webtiles) character file.

Game seed: 3761511048492485718

123 Descartes the Chopper (level 5, 0/48 HPs)
             Began as a Hill Orc Monk on Sept 21, 2021.
             Succumbed to Jessica's poison
             ... on level 2 of the Dungeon.
             The game lasted 00:04:04 (3224 turns).

Descartes the Chopper (Hill Orc Monk)               Turns: 3224, Time: 00:04:05

Health: 0/48       AC:  7    Str: 15    XL:     5   Next: 7%
Magic:  6/6        EV: 10    Int: 10    God:
Gold:   83         SH:  0    Dex: 13    Spells: 4/4 levels left

rFire    . . .     SeeInvis .   a - +0 hand axe
rCold    . . .     Faith    .   (no shield)
rNeg     . . .     Spirit   .   r - +0 scale mail
rPois    .         Reflect  .   d - +0 helmet
rElec    .         Harm     .   (no cloak)
rCorr    .         Rampage  .   (no gloves)
Will     .....                  (no boots)
Stlth    ..........             (no amulet)
HPRegen  0.16/turn              (no ring)
MPRegen  0.10/turn              (no ring)

@: lethally poisoned (0 -> 0)
A: no striking features
a: no special abilities


You were on level 2 of the Dungeon.
You visited 1 branch of the dungeon, and saw 3 of its levels.

You collected 83 gold pieces.

Inventory:

Hand Weapons
 a - a +0 hand axe (weapon)
 m - a +0 hunting sling
Missiles
 i - 20 sling bullets
 k - 3 silver boomerangs (quivered)
 p - 36 arrows
 s - 24 stones
Armour
 b - a +0 robe
 c - a +0 leather armour
 d - a +0 helmet (worn)
 f - a +0 ring mail
 r - a +0 scale mail (worn)
Scrolls
 e - a scroll of identify {unknown}
 g - a scroll of amnesia {unknown}
 h - a scroll of blinking {unknown}
 j - a scroll of brand weapon {unknown}
 n - a scroll of vulnerability {unknown}
 o - a scroll of immolation {unknown}
 q - a scroll of magic mapping {unknown}
 t - a scroll of noise {unknown}
Potions
 l - a potion of cancellation {unknown}


   Skills:
 + Level 5.1 Fighting
 + Level 5.6 Axes
 - Level 2.4 Dodging
 - Level 1.5 Stealth
 + Level 2.3 Invocations


You had 4 spell levels left.
You didn't know any spells.
Your spell library contained the following spells:

 Spells                   Type           Power      Damage    Failure   Level
 Corpse Rot               Necr/Air       N/A        N/A       94%         2
 Poisonous Vapours        Pois/Air       0%         N/A       94%         2
 Sublimation of Blood     Necr           0%         N/A       94%         2
 Wereblood                Tmut           0%         N/A       94%         2
 Leda's Liquefaction      Hex/Erth       0%         N/A       100%        4
 Bolt of Magma            Conj/Fire/Erth 0%         4d4       100%        5
 Freezing Cloud           Conj/Ice/Air   0%         6-21      100%        5
 Statue Form              Tmut/Erth      0%         N/A       100%        6
 Summon Hydra             Summ           0%         N/A       100%        7


Dungeon Overview and Level Annotations

Branches:
Dungeon (3/15)

Altars:
Makhleb

Shops:
D:1 :

Annotations:
D:2 1 runed translucent door, Crazy Yiuf


Message History

You are too injured to fight recklessly!
You are too injured to fight recklessly!
You are too injured to fight recklessly!
You are too injured to fight recklessly!
You are too injured to fight recklessly!
You hit Jessica.
Jessica is severely wounded.
You feel sick. Jessica closely misses you.
You closely miss Jessica.
Jessica is severely wounded.
You feel sick. Jessica barely misses you. Jessica hits you but does no damage.
You are more poisoned.
You hit Jessica.
Jessica is almost dead.
You feel very sick.
Jessica hits you with a +0 dagger of venom.
* * * LOW HITPOINT WARNING * * *
You hit Jessica.
You kill Jessica!
* * * LOW HITPOINT WARNING * * *
You feel very sick.
Your Invocations skill increases to level 2!
You have reached level 5!
You feel stronger.
* * * LOW HITPOINT WARNING * * *
You feel sick.
You climb upwards.
Level annotation: 1 runed translucent door, Crazy Yiuf
* * * LOW HITPOINT WARNING * * *
You feel sick.
There is a stone staircase leading down here.
* * * LOW HITPOINT WARNING * * *
You feel sick.
* * * LOW HITPOINT WARNING * * *
You feel sick.
* * * LOW HITPOINT WARNING * * *
You feel sick.
* * * LOW HITPOINT WARNING * * *
You feel sick.
You die...

##......)#))##...# ####
##......####)+)).# #..#
###.#..## ###..)# ##.#
# ###### ### #.# # #.#
##### #.# ....# #######
#<# # ###.#
#.....#######.# # ###.#
##.....)@[....# #
....#######..##########
# ##...........# #
###.########## # ....#
# ##### # #


There were no monsters in sight!

Vanquished Creatures
  Jessica (D:3)
  4 gnolls
  3 dart slugs
  3 orcs (D:2)
  2 ball pythons
  2 endoplasms (D:2)
  2 giant cockroaches
  8 goblins
  7 hobgoblins
  A quokka (D:2)
  4 bats
  5 frilled lizards
  4 kobolds
  4 rats
50 creatures vanquished.

Vanquished Creatures (others)
  An endoplasm (D:1)
  2 plants (D:1)
3 creatures vanquished.

Grand Total: 53 creatures vanquished

Notes
Turn   | Place    | Note
-------+----------+-------------------------------------------
     0 | D:1      | Descartes the Hill Orc Monk began the quest for the Orb.
     0 | D:1      | Reached XP level 1. HP: 19/19 MP: 1/1
    42 | D:1      | Found Yraghiom's Book Shop.
   183 | D:1      | Reached XP level 2. HP: 14/24 MP: 2/2
   835 | D:1      | Reached XP level 3. HP: 29/30 MP: 3/3
  1639 | D:2      | Reached skill level 5 in Axes
  1720 | D:2      | Found a burning altar of Makhleb.
  2263 | D:2      | Reached skill level 1 in Invocations
  2263 | D:2      | Reached XP level 4. HP: 28/41 MP: 4/4
  3148 | D:2      | Found a runed translucent door.
  3149 | D:2      | Noticed Crazy Yiuf
  3193 | D:3      | Noticed Jessica
  3210 | D:2      | Reached skill level 5 in Fighting
  3217 | D:3      | Killed Jessica
  3218 | D:3      | Reached XP level 5. HP: 8/48 MP: 6/6
  3222 | D:2      | HP: 2/48 [poisoned by Jessica]
  3224 | D:2      | Succumbed to Jessica's poison

Illustrated notes

Levels and vault maps discovered:
D:1:      eino_arrival_cavern_b, layout_basic, serial_shops,
          nicolae_lakefront_shop, serial_bayou_pond_b, st_stairs_14,
          glass_columns_a, minmay_hexomino_p4
D:2:      layout_loops_corners, basic_altar, uniq_crazy_yiuf_cottage
D:3:      cheibrodos_fertilizer, layout_rooms, serial_shops, shop, uniq_jessica

Skill      XL: |  1  2  3  4 |
---------------+-------------+-----
Fighting       | 4 5 |  5.1
Axes           | 5 |  5.6
Invocations    | 1 2 |  2.3
Dodging        | |  2.4
Stealth        | |  1.5

Action                   |  1- 3 |  4- 6 || total
-------------------------+-------+-------++-------
Melee: Hand axe          |    91 |    94 ||   185
 Stab: Sleeping          |     1 |       ||     1
Armor: Leather armour    |    12 |       ||    12
       Ring mail         |    22 |     5 ||    27
       Scale mail        |       |    32 ||    32
Dodge: Dodged            |    84 |    36 ||   120
